 Dungeon Crawl Stone Soup version 0.27-a0-1196-g3e9cee4cb2 (webtiles) character file.

Game seed: 2967194127403901395

0 mordus the Skirmisher (level 1, -16/18 HPs)
             Began as a Formicid Abyssal Knight on May 28, 2021.
             Was a Follower of Lugonu.
             Demolished by a tentacled starspawn (21 damage)
             ... on level 1 of the Abyss.
             The game lasted 00:00:46 (110 turns).

mordus the Skirmisher (Formicid Abyssal Knight)      Turns: 110, Time: 00:00:46

Health: -16/18     AC:  3    Str: 16    XL:     1   Next: 0%
Magic:  2/2        EV: 11    Int: 11    God:    Lugonu [*.....]
Gold:   0          SH:  0    Dex: 10    Spells: 0/0 levels left

rFire    . . .     SeeInvis +   a - +1 falchion
rCold    . . .     Faith    .   (no shield)
rNeg     . . .     Spirit   .   b - +0 leather armour
rPois    .         Reflect  .   (helmet unavailable)
rElec    .         Harm     .   (no cloak)
rCorr    .         Rampage  .   (no gloves)
Will     .....                  (no boots)
Stlth    +.........             (no amulet)
HPRegen  0.06/turn              (no ring)
MPRegen  0.08/turn              (no ring)

@: no status effects
A: permanent stasis, dig shafts and tunnels, antennae 3, four strong arms
a: Dig, Shaft Self, Renounce Religion, Depart the Abyss


You were on level 1 of the Abyss.
You worshipped Lugonu.
Lugonu was aware of your devotion.
You visited 0 branches of the dungeon, and saw 0 of its levels.
You visited the Abyss 1 time.

Inventory:

Hand Weapons
 a - a +1 falchion (weapon)
Armour
 b - a +0 leather armour (worn)
Potions
 c - a potion of cancellation {unknown}


   Skills:
 + Level 3.2 Fighting
 + Level 2.0 Long Blades
 + Level 2.1 Armour
 + Level 0.8 Dodging
 + Level 2.1 Invocations


You couldn't memorise any spells.
You didn't know any spells.
Your spell library was empty.

Dungeon Overview and Level Annotations

Branches:
Dungeon (0/15)

Altars:


Innate Abilities, Weirdness & Mutations

You cannot be hasted, slowed, berserked, paralysed or teleported.
You can dig through walls and to a lower floor.
You have a pair of large antennae on your head. (SInv)
Your four strong arms can wield two-handed weapons with a shield.


Message History

A tentacle flies out from the starspawn's body!
A starspawn tentacle comes into view.
A tentacle flies out from the starspawn's body!
A starspawn tentacle comes into view.
You enter the shallow water.
Moving in this stuff is going to be slow.
A tentacle flies out from the starspawn's body! 2 starspawn tentacles come into view.
The starspawn tentacle grabs you. The starspawn tentacle constricts you.
The starspawn tentacle loses its grip on you.
The tentacle pulls you backwards!
Splash!
The starspawn tentacle barely misses you.
Unknown command.
The starspawn tentacle barely misses you.
You riposte.
Your unstable footing causes you to fumble your attack.
The starspawn tentacle grabs you. The starspawn tentacle constricts you.
The starspawn tentacle loses its grip on you.
The tentacle pulls you backwards!
The starspawn tentacle closely misses you.
The starspawn tentacle grabs you. The starspawn tentacle constricts you.
You escape the starspawn tentacle's grasp.
A water moccasin comes into view.
The water moccasin hisses angrily.
There are monsters nearby!
There are monsters nearby!
The tentacled starspawn bites you.
* * * LOW HITPOINT WARNING * * *
The tentacled starspawn tentacle-slaps you but does no damage.
You hit the tentacled starspawn.
The tentacled starspawn is lightly damaged.
A tentacle flies out from the starspawn's body!
A starspawn tentacle comes into view.
You barely miss the tentacled starspawn.
The tentacled starspawn is lightly damaged.
The tentacled starspawn closely misses you.
The tentacled starspawn tentacle-slaps you!!
Ouch! That really hurt!
You die...

##. ....{#.{ #
..###.. .### #.
#..###. #... #
##........ ..
##..#... ##....
#... .....≈.# >.
### .....X.# ≈ .≈
#.#####.#..#.w≈│≈##
#.@#{..##.##≈≈#≈ .#
##wXS#. #.##≈≈≈≈ #.
###..#...##≈ ≈.≈≈
##...##..≈≈ ≈≈≈≈
###..# .≈#.≈#.#
{##..#.≈#. ###
#.##≈≈.. .# ≈≈## ##
≈#


You could see a tentacled starspawn, a water moccasin and a starspawn tentacle.

Vanquished Creatures (others)
  5 starspawn tentacles (Abyss:1)
5 creatures vanquished.

Notes
Turn   | Place    | Note
-------+----------+-------------------------------------------
     0 | Abyss:1  | mordus the Formicid Abyssal Knight began the quest for the
                  | Orb.
     0 | Abyss:1  | Reached XP level 1. HP: 18/18 MP: 2/2
    76 | Abyss:1  | Noticed a tentacled starspawn
    96 | Abyss:1  | Noticed a water moccasin
   110 | Abyss:1  | Demolished by a tentacled starspawn

Illustrated notes

Levels and vault maps discovered:
Abyss:1:  base: Temple, base:
Temple

Action                   || total
-------------------------++-------
Melee: Falchion          ||     2
Armor: Leather armour    ||     1
Dodge: Dodged            ||     4
       Rpst.: Falchion   ||     1

Table legend: (Time is in decaauts)
 A = Elapsed time spent in this place.
 B = Non-inter-level travel time spent in this place.
 C = Inter-level travel time spent in this place.
 D = Time resting spent in this place.
 E = Time spent auto-exploring this place.
 F = Levels seen in this place.
 G = Mean time per level.
                   A        B        C        D        E       F      G
               +--------+--------+--------+--------+--------+-----+--------+
         Total |    114 |    114 |      0 |      0 |     78 |   1 |  114.0 |
         Abyss |    114 |    114 |      0 |      0 |     78 |   1 |  114.0 |
               +--------+--------+--------+--------+--------+-----+--------+

Top non-repeatable levels by time:
 Abyss:1: 114 daAuts
